AoeStats
← LVDB_ElGusano

Nomad

509986150Analyzed
2v2 RM · 2d ago on Sep 28, 2026· 28m 36s· 4 players
Game mode
Random Map
Map size
176×176
Population
200
Speed
Normal
Resources
Standard
Victory
Conquest
Starting age
Dark Age
Ending age
Imperial Age
RankedLock teamsTeams togetherTeam positionsShared explorationLock speedFull tech treeHidden civsTurbo modeCheats
Victory
Defeat
🇦🇷 Magyars · Argentina
1466
+16
🇦🇷 Malay · Argentina
1460
+17
🇺🇦 Malians · Ukraine
1504
-18
🇦🇷 Vikings · Argentina
1440
-15
CansadoTarde
5:14 Loom
13:43 Feudal Age
17:28 Castle Age
15:44 Double-Bit Axe
16:12 Horse Collar
17:28 Fletching
18:23 Bow Saw
17:54 Horse Collar
18:23 Horse Collar
21:38 Horse Collar
Korondo
4:10 Loom
14:11 Feudal Age
15:15 Town Watch
18:53 Castle Age
18:08 Double-Bit Axe
18:18 Gold Mining
22:08 Forging
22:55 Squires
23:21 Scale Mail Armor
LVDB_Mastropiero
5:28 Loom
13:20 Feudal Age
16:58 Castle Age
16:12 Town Watch
18:53 Scale Barding Armor
18:50 Double-Bit Axe
22:57 Forging
28:59 Iron Casting
LVDB_ElGusano
5:52 Loom
11:47 Feudal Age
12:23 Town Watch
16:15 Castle Age
15:32 Double-Bit Axe
16:49 Fishing Lines
22:46 Scale Barding Armor
25:37 Fletching
Connection lost

Rejoining the realm…

Still unreachable

The connection could not be restored.

Session expired

The server has moved on; the page needs a fresh start.